AoeStats
← solojok97

Arabia

510155914Analyzed
1v1 RM · 2d ago on Sep 29, 2026· 34m 37s· 2 players
Game mode
Random Map
Map size
Tiny (2 player)
Population
200
Speed
Normal
Resources
Standard
Victory
Conquest
Starting age
Dark Age
Ending age
Imperial Age
RankedLock teamsTeams togetherTeam positionsShared explorationLock speedFull tech treeHidden civsTurbo modeCheats
Victory
Defeat
680
+14
🇦🇷 Bohemians · Argentina
642
-31
solojok97
9:44 Feudal Age
10:24 Double-Bit Axe
24:11 Horse Collar
32:07 Arson
32:40 Man-at-Arms
juarez.ruiz.jesus.angell
9:25 Feudal Age
11:19 Man-at-Arms
26:16 Wheelbarrow
30:02 Castle Age
31:01 Double-Bit Axe
32:54 Horse Collar
Connection lost

Rejoining the realm…

Still unreachable

The connection could not be restored.

Session expired

The server has moved on; the page needs a fresh start.